 Dungeon Crawl Stone Soup version 0.32-a0-656-g3542139ebd (webtiles) character file.

Game seed: 9618408876634729158

3527 Rpamer15 the Thaumaturge (level 9, 0/42 HPs)
             Began as a Spriggan Earth Elementalist on Mar 9, 2024.
             Was a Believer of Fedhas.
             Slain by a komodo dragon (19 damage)
             ... on level 8 of the Dungeon.
             The game lasted 01:45:00 (5417 turns).

Rpamer15 the Thaumaturge (SpEE)                     Turns: 5417, Time: 01:45:10

Health: 0/42       AC:  4    Str:  4    XL:     9   Next: 82%
Magic:  3/25       EV: 24    Int: 23    God:    Fedhas [**....]
Gold:   529        SH:  0    Dex: 15    Spells: 20/31 levels left

rFire   . . .        L - +2 dagger (elec)
rCold   x . .        (no shield)
rNeg    + . .        p - +1 robe of the Watchman {Rampage rC- Int+2}
rPois   .            (helmet restricted)
rElec   .            l - +0 cloak
rCorr   .            (gloves unavailable)
SInv    +            (boots unavailable)
Will    +....        d - amulet of regeneration
Stlth   +++          q - +5 ring of evasion
HPRegen 1.07/turn    s - ring of positive energy
MPRegen 0.19/turn

%: rampage
@: very quick
A: very small, no large weapons, unfitting armour, see invisible, speed 3
a: Renounce Religion, Wall of Briars


You were on level 8 of the Dungeon.
You worshipped Fedhas.
Fedhas was pleased with you.
You visited 2 branches of the dungeon, and saw 9 of its levels.

You collected 529 gold pieces.

Inventory:

Hand Weapons
 f - a +2 short sword of speed
 g - a +0 short sword of flaming
 x - a +3 club
 B - the +10 rapier of Big Damage {freeze, rF- rN+++ Int-2 Dex+5}
   (You found it on level 4 of the Dungeon)

   Int-2:     It affects your intelligence (-2).
   Dex+5:     It affects your dexterity (+5).
   rF-:       It makes you vulnerable to fire.
   rN+++:     It renders you almost immune to negative energy.
 E - a +4 heavy dire flail
 J - a +2 heavy hand axe
 K - a +2 whip of electrocution
 L - a +2 dagger of electrocution (weapon)
 W - a +4 short sword
Missiles
 m - 13 poisoned darts
 C - 6 atropa-tipped darts
Armour
 l - a +0 cloak (worn)
 p - the +1 robe of the Watchman (worn) {Rampage rC- Int+2}
   (You acquired it on level 3 of the Dungeon)

   Int+2:     It affects your intelligence (+2).
   rC-:       It makes you vulnerable to cold.
   Rampage:   It bestows one free step when moving towards enemies.
 F - a +2 scale mail of fire resistance
Magical Staves
 j - a staff of cold
Jewellery
 d - an amulet of regeneration (around neck)
 q - a +5 ring of evasion (left hand)
 s - a ring of positive energy (right hand)
 v - a ring of see invisible
 Q - a +6 ring of dexterity
 R - a +6 ring of strength
Talismans
 i - a beast talisman
 y - a beast talisman
Wands
 w - a wand of roots (4)
 G - a wand of acid (16)
 S - a wand of flame (17)
 V - a wand of mindburst (11)
Scrolls
 b - a scroll of acquirement
 e - a scroll of silence {unknown}
 n - 2 scrolls of teleportation
 r - a scroll of noise
 t - 4 scrolls of fog
 z - a scroll of revelation
 D - 2 scrolls of enchant armour
 H - a scroll of amnesia
 I - a scroll of vulnerability
 M - a scroll of fear
 P - a scroll of blinking
 U - a scroll of enchant weapon {unknown}
Potions
 a - a potion of degeneration {unknown}
 c - 5 potions of resistance
 h - 2 potions of mutation
 k - a potion of enlightenment {unknown}
 o - 2 potions of curing
 u - a potion of attraction
 A - a potion of invisibility {unknown}
 N - 2 potions of heal wounds {unknown}
 O - 3 potions of lignification


   Skills:
 + Level 2.0 Fighting
 + Level 2.2 Short Blades
 + Level 4.8 Dodging
 + Level 4.2 Stealth
 + Level 11.7 Spellcasting
 + Level 2.2 Conjurations
 + Level 8.1 Earth Magic
 + Level 1.0 Evocations


You had 20 spell levels left.
You knew the following spells:

 Your Spells              Type           Power      Damage    Failure   Level
a - Sandblast             Erth           100%       2d20      1%          1
b - Stone Arrow           Conj/Erth      74%        3d11      1%          3
c - Brom's Barrelling Bo  Conj/Erth      37%        2d6       5%          4
d - Passwall              Erth           50%        N/A       1%          3

Your spell library contained the following spells:

 Spells                   Type           Power      Damage    Failure   Level
 Sting                    Conj/Alch      72%        1d7       3%          1
 Mercury Vapours          Alch/Air       26%        N/A       7%          2
 Petrify                  Alch/Erth      32%        N/A       9%          4
 Olgreb's Toxic Radiance  Alch           13%        N/A       43%         4


Dungeon Overview and Level Annotations

Branches:
Dungeon (8/15)             Temple (1/1) D:5            Lair (0/5) D:8

Altars:
Ashenzari
Dithmenos
Elyvilon
Fedhas
Gozag
Hepliaklqana
Kikubaaqudgha
Makhleb
Nemelex Xobeh
Okawaru
Qazlal
Ru
Sif Muna
Trog
Uskayaw
Vehumet
Wu Jian
Xom
Yredelemnul
Zin
The Shining One


Innate Abilities, Weirdness & Mutations

You are very small and have problems with some larger weapons.
You are too small for most types of armour.
You have supernaturally acute eyesight. (SInv)
You cover ground extremely quickly. (Speed+++)


Message History

Found a potion of curing.
Found a staircase to the Lair.
Aiming: Stone Arrow (safe; 1% risk of failure)
Press: ? - help, Q - select action, (/) - cycle Shift-Dir - straight line, f - komodo dragon
Aim: a komodo dragon (81% to hit)
The stone arrow misses the komodo dragon.
You barely miss the komodo dragon.
The scorpion stings the fungus.
The fungus begins to die.
The komodo dragon misses you.
You hit the komodo dragon but do no damage.
The scorpion stings the fungus.
The fungus is poisoned.
The scorpion poisons the fungus!
The komodo dragon completely misses you.
You closely miss the komodo dragon.
The scorpion stings the fungus.
The komodo dragon misses you.
You hit the komodo dragon but do no damage.
Lightning courses through the komodo dragon!
The komodo dragon is moderately wounded.
The scorpion stings the fungus.
The komodo dragon completely misses you.
The scorpion stings the fungus!
The fungus looks as sick as possible!
The scorpion poisons the fungus!
You don't have enough magic to cast this spell.
You don't have enough magic to cast this spell.
You don't have enough magic to cast this spell.
You hit the komodo dragon but do no damage.
The komodo dragon is moderately wounded.
The scorpion stings the fungus!
You hit the komodo dragon.
The komodo dragon is moderately wounded.
The komodo dragon bites you!!
Ouch! That really hurt!
The scorpion stings the fungus.
You hit the komodo dragon but do no damage.
The komodo dragon is moderately wounded.
A nearby fungus withers and dies.
The komodo dragon bites you.
* * * LOW HITPOINT WARNING * * *
You feel better. The komodo dragon bites you!!
You die...
Fedhas appreciates your contribution to the ecosystem.

....... .## .......
####+..####
.....########........P
.....#............P.P
.....#†..........P.P.
.....#.......P.....sP
.....#......P..Ps..PP
.....#........PPP####
.....#.......P..@l..#
.....#)..##...P.P#!>#
.....#...###.P.PP####
.....#...#....P.P..P.P
.....#...#.....PP....P
.....#...+......P.P.P..
.....#..###...P....PP..
....##..########.P....#
....#......... #.....#


You could see a komodo dragon and a scorpion.

Vanquished Creatures
  A komodo dragon (D:8)
  Grinder (D:3)
  A wyvern (D:7)
  Edmund (D:5)
  2 water moccasins
  A sky beast (D:7)
  An ice beast (D:6)
  An orc warrior (D:8)
  2 ogres (D:6)
  A black bear (D:5)
  A centaur (D:5)
  A phantom (D:5)
  A kobold brigand (D:7)
  3 bullfrogs (D:7)
  8 scorpions
  5 wights (D:7)
  2 bombardier beetles
  A jelly (D:6)
  2 hounds
  4 orc priests
  2 gnoll boudas
  Ijyb (D:3)
  2 iguanas (D:6)
  8 orc wizards
  9 gnolls
  12 adders
  2 ufetubi (D:6)
  3 ribbon worms
  3 dart slugs
  32 orcs
  10 ball pythons
  11 endoplasms
  5 giant cockroaches
  7 goblins
  10 hobgoblins
  12 kobolds
  7 quokkas
  3 bats
  5 frilled lizards
  4 rats
188 creatures vanquished.

Vanquished Creatures (others)
  An orc wizard (D:6)
  An orc (D:6)
2 creatures vanquished.

Grand Total: 190 creatures vanquished

Notes
Turn   | Place    | Note
-------+----------+-------------------------------------------
     0 | D:1      | Rpamer15 the Spriggan Earth Elementalist began the quest
                  | for the Orb.
     0 | D:1      | Reached XP level 1. HP: 9/9 MP: 5/5
    24 | D:1      | Reached XP level 2. HP: 13/13 MP: 0/6
   122 | D:1      | Reached skill level 3 in Spellcasting
   128 | D:1      | You fall into a shaft and drop 1 floor!
   217 | D:2      | Reached XP level 3. HP: 10/16 MP: 0/8
  1510 | D:2      | Reached XP level 4. HP: 17/21 MP: 4/10
  1577 | D:2      | Reached skill level 4 in Spellcasting
  1630 | D:2      | Learned a level 3 spell: Stone Arrow
  2059 | D:3      | Identified a scroll of acquirement
  2090 | D:3      | Acquired the +1 robe of the Watchman {Rampage rC- Int+2}
  2387 | D:3      | Noticed Grinder
  2524 | D:3      | Reached XP level 5. HP: 24/24 MP: 9/12
  2611 | D:3      | Noticed Ijyb
  2632 | D:3      | Killed Ijyb
  2633 | D:3      | Reached skill level 5 in Spellcasting
  2772 | D:3      | Killed Grinder
  2773 | D:3      | Reached skill level 6 in Spellcasting
  2773 | D:3      | Reached XP level 6. HP: 28/28 MP: 9/16
  3146 | D:4      | Identified the +10 rapier of Big Damage {freeze, rF- rN+++
                  | Int-2 Dex+5}
  3308 | D:5      | Entered Level 5 of the Dungeon
  3314 | D:5      | Noticed Edmund
  3321 | D:5      | Found a staircase to the Ecumenical Temple.
  3326 | D:5      | Reached skill level 5 in Earth Magic
  3371 | D:5      | Killed Edmund
  3372 | D:5      | Reached skill level 7 in Spellcasting
  3372 | D:5      | Reached XP level 7. HP: 32/32 MP: 6/18
  3680 | D:5      | Reached skill level 8 in Spellcasting
  3705 | D:5      | Reached XP level 8. HP: 23/36 MP: 12/21
  3754 | D:5      | Reached skill level 1 in Fighting
  3919 | Temple   | Entered the Ecumenical Temple
  4021 | Temple   | Became a worshipper of Fedhas Madash
  4042 | D:6      | Reached skill level 9 in Spellcasting
  4093 | D:6      | Found a sacrificial altar of Ru.
  4093 | D:6      | Found an ancient bone altar of Kikubaaqudgha.
  4312 | D:6      | Reached skill level 10 in Spellcasting
  4511 | D:6      | Reached * piety under Fedhas
  4519 | D:6      | Reached XP level 9. HP: 40/41 MP: 2/24
  4556 | D:6      | Reached skill level 1 in Conjurations
  4717 | D:7      | Reached skill level 1 in Short Blades
  4743 | D:7      | Learned a level 4 spell: Brom's Barrelling Boulder
  4747 | D:7      | Learned a level 3 spell: Passwall
  4950 | D:7      | Reached skill level 11 in Spellcasting
  5260 | D:8      | Found a shadowy altar of Dithmenos.
  5263 | D:8      | Reached ** piety under Fedhas
  5358 | D:8      | Noticed a komodo dragon
  5381 | D:8      | Killed a komodo dragon
  5382 | D:8      | Reached skill level 1 in Evocations
  5408 | D:8      | Found a staircase to the Lair.
  5408 | D:8      | Noticed a komodo dragon
  5417 | D:8      | Slain by a komodo dragon

Illustrated notes

Levels and vault maps discovered:
D:1:      elethiomel_arrival_infinity_welcomes_careful_drivers, layout_basic
D:2:      layout_basic, due_unseen_surprise
D:3:      minmay_razor_zed, layout_basic, uniq_ijyb, uniq_grinder
D:4:      layout_cave_pools, nrook_mini_backslash, amcnicky_mini_pool_small
D:5:      minmay_bubble_buster, layout_basic, minmay_temple_entry_stoned_glass,
          kennysheep_generic_room_9, uniq_edmund
D:6:      minmay_inner_zag, layout_basic, grunt_temple_overflow_open
D:7:      layout_rooms, hex_large
D:8:      layout_gridville, grunt_dithmenos_smoke_and_mirrors,
          grunt_lair_entry_orc_guard_hut, minivault_24
Temple:   regret_index_temple_mists

Skill      XL: |  1  2  3  4  5  6  7  8  9 |
---------------+----------------------------+-----
Earth Magic    | 3 4 5 6 7 8 |  8.1
Spellcasting   | 3 4 6 7 8 10 11 | 11.7
Dodging        | 3 4 |  4.8
Fighting       | 1 2 |  2.0
Conjurations   | 2 |  2.2
Short Blades   | 2 |  2.2
Stealth        | 4 |  4.2
Evocations     | 1 |  1.0

Action                     |  1- 3 |  4- 6 |  7- 9 || total
---------------------------+-------+-------+-------++-------
  Melee: Unarmed           |     7 |       |       ||     7
         Staff             |       |     2 |       ||     2
         Dagger            |       |       |    89 ||    89
   Cast: Sandblast         |    50 |   102 |    89 ||   241
         Stone Arrow       |       |       |    57 ||    57
  Evoke: Wand              |       |     2 |     4 ||     6
    Use: Scroll            |     4 |     9 |     4 ||    17
         Potion            |       |     2 |     4 ||     6
 Armour: Robe              |     6 |    16 |    52 ||    74
         Skin              |       |     2 |       ||     2
  Dodge: Dodged            |    23 |    27 |   126 ||   176

Table legend: (Time is in decaauts)
 A = Elapsed time spent in this place.
 B = Non-inter-level travel time spent in this place.
 C = Inter-level travel time spent in this place.
 D = Time resting spent in this place.
 E = Time spent auto-exploring this place.
 F = Levels seen in this place.
 G = Mean time per level.
                   A        B        C        D        E       F      G
               +--------+--------+--------+--------+--------+-----+--------+
         Total |   3669 |   1283 |   2386 |     12 |      0 |   9 |  407.7 |
       Dungeon |   3568 |   1267 |   2301 |     12 |      0 |   8 |  446.0 |
        Temple |    101 |     16 |     85 |      0 |      0 |   1 |  101.0 |
               +--------+--------+--------+--------+--------+-----+--------+

Top non-repeatable levels by time:
     D:1: 750 daAuts
     D:3: 631 daAuts
     D:2: 462 daAuts
     D:5: 450 daAuts
     D:6: 417 daAuts
     D:7: 413 daAuts
     D:4: 326 daAuts
     D:8: 115 daAuts
  Temple: 101 daAuts
